 Dungeon Crawl Stone Soup version 0.23.2-1-ga50397a (webtiles) character file.

Game seed: 14928736266408383186

1891 myga the Spear-Bearer (level 8, -2/68 HPs)
             Began as a Minotaur Gladiator on May 26, 2019.
             Was a Follower of Okawaru.
             Slain by an orc warrior
             ... wielding a +0 long sword
              (13 damage)
             ... on level 6 of the Dungeon.
             The game lasted 00:19:34 (4323 turns).

myga the Spear-Bearer (Minotaur Gladiator)          Turns: 4323, Time: 00:19:35

Health: -2/68      AC: 11    Str: 19    XL:     8   Next: 93%
Magic:  7/7        EV:  9    Int:  5    God:    Okawaru [*.....]
Gold:   300        SH:  0    Dex: 14    Spells: 7/7 levels left

rFire    . . .     SeeInvis .   e - +1 scythe (protect)
rCold    . . .     Gourm    .   (shield currently unavailable)
rNeg     . . .     Faith    .   y - +0 chain mail
rPois    .         Spirit   .   c - +0 hat
rElec    .         Reflect  .   (no cloak)
rCorr    .         Harm     +   o - +1 pair of gloves
MR       .....                  (no boots)
Stlth    ..........             s - amulet of harm
HPRegen  0.21/turn              (no ring)
MPRegen  0.10/turn              (no ring)

@: heavily drained
A: retaliatory headbutt, horns 2
a: Heroism, Renounce Religion


You were on level 6 of the Dungeon.
You worshipped Okawaru.
Okawaru was aware of your devotion.
You were very hungry.

You visited 2 branches of the dungeon, and saw 7 of its levels.

You collected 300 gold pieces.

Inventory:

Hand Weapons
 e - a +1 scythe of protection (weapon)
Missiles
 d - 3 throwing nets
 h - 5 javelins
 l - 241 stones (quivered)
 u - 3 tomahawks
Armour
 c - a +0 hat (worn)
 o - a +1 pair of gloves (worn)
 y - a +0 chain mail (worn)
Jewellery
 j - an uncursed ring of fire {unknown}
 s - an amulet of harm (around neck)
Scrolls
 a - a scroll of magic mapping {unknown}
 b - 3 scrolls of remove curse
 g - a scroll of fog
 i - a scroll of teleportation
 r - a scroll of blinking {unknown}
 w - a scroll of amnesia {unknown}
 x - a scroll of random uselessness {unknown}
Potions
 k - 4 potions of curing
 m - a potion of mutation
 n - 5 potions of lignification
 p - 3 potions of heal wounds
 q - a potion of cancellation
 t - 2 potions of brilliance
 v - a potion of flight
 z - a potion of might
Comestibles
 f - 10 rations


   Skills:
 + Level 5.2(3.8) Fighting
 + Level 9.5(8.0) Polearms
 + Level 4.2(2.9) Throwing
 + Level 5.6(4.2) Armour
 + Level 6.0(4.6) Dodging
 + Level 1.2(0.0) Stealth
 + Level 0.4(0.0) Invocations


You had 7 spell levels left.
You didn't know any spells.
Your spell library was empty.

Dungeon Overview and Level Annotations

Branches:
Dungeon (6/15)             Temple (1/1) D:5

Altars:
Ashenzari
Cheibriados
Fedhas
Gozag
Makhleb
Nemelex Xobeh
Okawaru
Ru
Sif Muna
Trog
Uskayaw
Vehumet
Wu Jian
Xom


Innate Abilities, Weirdness & Mutations

You reflexively headbutt those who attack you in melee.
You have a pair of horns on your head.


Message History

Your weapon exudes an aura of protection.
The orc warrior is almost dead.
The orc warrior hits you with a +0 long sword!
You closely miss the orc warrior.
The orc warrior is almost dead.
The orc warrior hits you but does no damage.
Your chain mail prevents you from hitting the orc warrior.
The orc warrior is almost dead.
The orc warrior hits you with a +0 long sword!
* * * LOW HITPOINT WARNING * * *
The orc warrior hits you with a +0 long sword!
* * * LOW HITPOINT WARNING * * *
Attack whom?
Press: ? - help, Dir - move target cursor, f - orc warrior
Aim: an orc warrior, wielding a +0 long sword and wearing a +0 plate armour (almost dead)
You reach to attack!
Your chain mail prevents you from hitting the orc warrior.
The orc warrior is almost dead.
The orc warrior hits you with a +0 long sword!
You die...

.... #....#
#....####....#+###
..................
..................
..................
..................
...........)....(.
....................(.(
#......#####..@o##+####
#......+...'....+
#......#...#....#
#......#.###....#
#....##.# ###.....
#....#..+ #.....
+....'..# #......
#....#..# #......
#....#..# .........


You could see an orc warrior.

Vanquished Creatures
  The ghost of slayr the Thaumaturge, a novice SpEn of Gozag (D:5)
  Grinder (D:3)
  Sigmund (D:3)
  Menkaure (D:5)
  An ice beast (D:5)
  The ghost of Sassenached the Skirmisher, an amateur DsSk of Makhleb (D:4)
  A phantom (D:5)
  An ogre (D:4)
  2 centaurs (D:5)
  3 howler monkeys
  A crimson imp (D:5)
  An orc priest (D:6)
  2 orc wizards
  2 bullfrog skeletons
  Ijyb (D:3)
  Natasha (thrice) (D:3)
  2 worker ants (D:4)
  A howler monkey zombie (D:5)
  5 adders
  A shadow imp (D:5)
  An adder zombie (D:5)
  3 worms
  3 dart slugs
  4 leopard geckos
  13 orcs
  2 giant cockroaches (D:4)
  11 goblins
  6 hobgoblins
  7 jackals
  4 kobolds
  3 quokkas (D:2)
  A ball python (D:4)
  7 bats
  8 frilled lizards
  13 rats
118 creatures vanquished.

Notes
Turn   | Place    | Note
-------+----------+-------------------------------------------
     0 | D:1      | myga the Minotaur Gladiator began the quest for the Orb.
     0 | D:1      | Reached XP level 1. HP: 18/18 MP: 0/0
     7 | D:1      | Noticed a minotaur skeleton
    21 | D:1      | Noticed a minotaur skeleton
   334 | D:1      | Reached XP level 2. HP: 25/25 MP: 1/1
   345 | D:1      | Reached skill level 4 in Polearms
   808 | D:1      | Reached XP level 3. HP: 30/30 MP: 2/2
  1232 | D:2      | Reached skill level 1 in Armour
  1396 | D:2      | Reached XP level 4. HP: 36/37 MP: 3/3
  1662 | D:3      | Noticed Grinder
  1674 | D:3      | Killed Grinder
  1674 | D:3      | Reached skill level 6 in Polearms
  1674 | D:3      | Reached skill level 1 in Stealth
  1674 | D:3      | Reached XP level 5. HP: 45/45 MP: 4/4
  1674 | D:3      | Reached XP level 6. HP: 51/51 MP: 5/5
  1725 | D:3      | Found a snail-covered altar of Cheibriados.
  1730 | D:3      | Noticed Natasha
  1734 | D:3      | Killed Natasha
  1891 | D:3      | Noticed Natasha
  1898 | D:3      | Killed Natasha
  1926 | D:3      | Found an opulent altar of Gozag.
  1926 | D:3      | Found an iron altar of Okawaru.
  2029 | D:3      | Noticed Ijyb
  2043 | D:3      | Killed Ijyb
  2065 | D:3      | Noticed Sigmund
  2081 | D:3      | Killed Sigmund
  2081 | D:3      | Reached XP level 7. HP: 30/57 MP: 6/6
  2547 | D:3      | Noticed Natasha
  2551 | D:3      | Killed Natasha
  2582 | D:3      | Became a worshipper of Warmaster Okawaru
  2735 | D:4      | Reached skill level 7 in Polearms
  2823 | D:4      | Found a sparkling altar of Nemelex Xobeh.
  2879 | D:4      | Found a runed translucent door.
  2879 | D:4      | Noticed Sassenached's ghost (amateur DsSk)
  2900 | D:4      | Killed Sassenached's ghost
  2900 | D:4      | Reached skill level 5 in Dodging
  3145 | D:4      | Found a hide-covered altar of Uskayaw.
  3251 | D:5      | Entered Level 5 of the Dungeon
  3255 | D:5      | Reached * piety under Okawaru
  3347 | D:5      | Found a runed translucent door.
  3347 | D:5      | Noticed slayr's ghost (novice SpEn)
  3366 | D:5      | Reached XP level 8. HP: 66/66 MP: 7/7
  3410 | D:5      | Found a staircase to the Ecumenical Temple.
  3419 | Temple   | Entered the Ecumenical Temple
  3533 | D:5      | Noticed Menkaure
  3542 | D:5      | Killed Menkaure
  3542 | D:5      | Reached skill level 8 in Polearms
  3820 | D:5      | Reached skill level 5 in Armour
  3911 | D:5      | Found a bloodstained altar of Trog.
  4137 | D:5      | Killed slayr's ghost
  4137 | D:5      | Reached skill level 5 in Fighting
  4137 | D:5      | Reached skill level 9 in Polearms
  4323 | D:6      | Slain by an orc warrior

Skill      XL: |  1  2  3  4  5  6  7  8 |
---------------+-------------------------+-----
Polearms       | 4 6 7 9 |  9.5
Armour         | 1 2 4 5 |  5.6
Fighting       | 3 4 5 |  5.2
Throwing       | 3 4 |  4.2
Dodging        | 4 5 6 |  6.0
Stealth        | 1 |  1.2
Invocations    | |  0.4

Action                   |  1- 3 |  4- 6 |  7- 9 || total
-------------------------+-------+-------+-------++-------
Melee: Trident           |    68 |       |       ||    68
       Headbutt          |     7 |     7 |    18 ||    32
       Spear             |    37 |    57 |     1 ||    95
       Scythe            |       |       |   144 ||   144
Throw: Stone             |    28 |    23 |    14 ||    65
       Javelin           |       |     7 |     4 ||    11
       Tomahawk          |       |     2 |       ||     2
Invok: Heroism           |       |       |     4 ||     4
  Use: Scroll            |     4 |     1 |     2 ||     7
       Potion            |     1 |     2 |     2 ||     5
 Stab: Sleeping          |     2 |       |       ||     2
  Eat: Chunk             |     2 |     2 |     6 ||    10
Armor: Leather armour    |     6 |       |       ||     6
       Scale mail        |     9 |     9 |    25 ||    43
       Chain mail        |       |       |    41 ||    41
Dodge: Dodged            |    46 |    13 |    87 ||   146
